 Dungeon Sprint DCSS version 0.30-a0-778-g2ef04afb54 (webtiles) character file.

Game seed: 13573229104798407073

3281 retardedninja the Cleaver (level 9, -2/94 HPs)
             Began as a Minotaur Fighter on Feb 15, 2023.
             Was a Priest of Trog.
             Slain by a troll (9 damage)
             ... in the Dungeon (Sprint IX: "|||||||||||||||||||||||||||||").
             The game lasted 00:02:23 (656 turns).

retardedninja the Cleaver (Minotaur Fighter)         Turns: 656, Time: 00:02:23

Health: -2/94      AC:  9    Str: 25    XL:     9   Next: 69%
Magic:  8/8        EV: 11    Int:  5    God:    Trog [***...]
Gold:   0          SH:  7    Dex: 10    Spells: 8/8 levels left

rFire   . . .      SeeInvis .    k - +3 war axe (distort)
rCold   . . .      Faith    .    c - +0 buckler
rNeg    . . .      Spirit   .    b - +0 scale mail
rPois   .          Reflect  .    (helmet restricted)
rElec   .          Harm     .    (no cloak)
rCorr   .          Rampage  .    (no gloves)
Will    ++...      NoTele   +    (no boots) Stlth
                                 (no amulet)
HPRegen 1.35/turn                (no ring)
MPRegen 0.11/turn                (no ring)

@: strong-willed, on berserk cooldown, regenerating, slowed, very slow
A: horns 2, retaliatory headbutt
a: Renounce Religion, Berserk, Trog's Hand


You were in the Dungeon.
You worshipped Trog.
Trog was most pleased with you.
You visited 1 branch

Inventory:

Hand Weapons
 a - a +0 war axe
 k - a +3 war axe of distortion (weapon)
Armour
 b - a +0 scale mail (worn)
 c - a +0 buckler (worn)
 l - a +0 pair of boots
 m - a +0 pair of gloves
 p - a +1 scale mail
Jewellery
 n - a +3 ring of intelligence
 o - a +3 ring of intelligence
Wands
 g - a wand of roots (9)
Scrolls
 j - 2 scrolls of blinking
Potions
 e - 3 potions of curing
 h - 4 potions of magic


   Skills:
 + Level 13.7 Fighting
 + Level 14.2 Axes
 + Level 14.1 Armour
 + Level 2.6 Dodging
 + Level 13.0 Shields


You had 8 spell levels left.
You didn't know any spells.
Your spell library was empty.

Dungeon Overview and Level Annotations

Branches:
Dungeon (1/1)

Altars:
Cheibriados
Dithmenos
Elyvilon
Fedhas
Gozag
Hepliaklqana
Kikubaaqudgha
Makhleb
Nemelex Xobeh
Okawaru
Qazlal
Ru
Sif Muna
Trog
Uskayaw
Vehumet
Wu Jian
Xom
Yredelemnul
Zin
The Shining One
Jiyva
Lugonu


Innate Abilities, Weirdness & Mutations

You have a pair of horns on your head.
You reflexively headbutt those who attack you in melee.


Message History

* * * LOW HITPOINT WARNING * * *
You feel better. The boulder beetle bites you!
* * * LOW HITPOINT WARNING * * *
You slash the boulder beetle!
Space warps horribly around the boulder beetle!
You headbutt the boulder beetle.
The boulder beetle is severely wounded.
You block the boulder beetle's attack.
You slash the boulder beetle!
The boulder beetle is almost dead.
The boulder beetle leaps!
The boulder beetle curls into a ball and begins rolling!
The troll barely misses you. x2; The troll closely misses you.
You slash the troll!
The troll is moderately wounded.
The troll blinks!
The boulder beetle stops rolling and uncurls.
The troll closely misses you. The troll claws you.
* * * LOW HITPOINT WARNING * * *
The troll claws you!
* * * LOW HITPOINT WARNING * * *
You slice the troll!!
Space warps around the troll.
You headbutt the troll.
The troll is almost dead.
The troll bites you.
* * * LOW HITPOINT WARNING * * *
The troll claws you but does no damage. The troll claws you.
* * * LOW HITPOINT WARNING * * *
The troll bites you.
* * * LOW HITPOINT WARNING * * *
The troll claws you but does no damage. The troll claws you.
* * * LOW HITPOINT WARNING * * *
You feel better. The troll bites you!
* * * LOW HITPOINT WARNING * * *
The troll closely misses you. The troll claws you but does no damage.
Your skin crawls.
You feel strong-willed. The troll bites you.
* * * LOW HITPOINT WARNING * * *
The troll claws you!
You die...

▓+▓
▓.▓
▓.▓
▓B▓
▓T▓
▓@▓
▓†▓
▓)▓
▓)▓
▓.▓
▓.▓
▓.▓
▓.▓
▓.▓


You could see a boulder beetle and a troll.

Vanquished Creatures
  A hydra (D)
  A centaur warrior (D)
  A two-headed ogre (D)
  A shadow (D)
  A vampire (D)
  A wraith (D)
  2 yaks (D)
  A phantom (D)
  A scorpion (D)
  A howler monkey (D)
  A jelly (D)
  A hound (D)
  An orc (D)
  A hobgoblin (D)
  2 ball pythons (D)
  2 kobolds (D)
19 creatures vanquished.

Notes
Turn   | Place    | Note
-------+----------+-------------------------------------------
     0 | D        | retardedninja the Minotaur Fighter began the quest for the
                  | Orb.
     0 | D        | Reached XP level 1. HP: 19/19 MP: 0/0
    37 | D        | Noticed a hound
    37 | D        | Noticed a scorpion
    37 | D        | Noticed a phantom
    37 | D        | Noticed a jelly
    40 | D        | Killed a jelly
    41 | D        | Reached skill level 5 in Fighting
    41 | D        | Reached skill level 5 in Armour
    41 | D        | Reached skill level 5 in Shields
    41 | D        | Reached XP level 2. HP: 25/29 MP: 1/1
    41 | D        | Reached XP level 3. HP: 31/36 MP: 2/2
    47 | D        | Killed a phantom
    48 | D        | Reached XP level 4. HP: 24/47 MP: 3/3
    51 | D        | Killed a scorpion
    52 | D        | Reached XP level 5. HP: 29/53 MP: 4/4
    54 | D        | Reached skill level 5 in Axes
   252 | D        | Found a snail-covered altar of Cheibriados.
   252 | D        | Found a shadowy altar of Dithmenos.
   252 | D        | Found a white marble altar of Elyvilon.
   252 | D        | Found a blossoming altar of Fedhas.
   252 | D        | Found an opulent altar of Gozag.
   253 | D        | Found a hazy altar of Hepliaklqana.
   254 | D        | Found a viscous altar of Jiyva.
   255 | D        | Found an ancient bone altar of Kikubaaqudgha.
   256 | D        | Found a corrupted altar of Lugonu.
   257 | D        | Found a burning altar of Makhleb.
   258 | D        | Found a sparkling altar of Nemelex Xobeh.
   259 | D        | Found an iron altar of Okawaru.
   260 | D        | Found a stormy altar of Qazlal.
   261 | D        | Found a sacrificial altar of Ru.
   262 | D        | Found a shimmering blue altar of Sif Muna.
   263 | D        | Found a bloodstained altar of Trog.
   264 | D        | Found a hide-covered altar of Uskayaw.
   265 | D        | Found a radiant altar of Vehumet.
   266 | D        | Found an ornate altar of the Wu Jian Council.
   267 | D        | Found a shimmering altar of Xom.
   268 | D        | Found a basalt altar of Yredelemnul.
   269 | D        | Found a glowing silver altar of Zin.
   270 | D        | Found a glowing golden altar of the Shining One.
   271 | D        | Became a worshipper of Trog the Wrathful
   279 | D        | Found the +5 demon whip "Spellbinder" {antimagic, disrupt,
                  | Will+}
   304 | D        | Noticed a yak
   304 | D        | Noticed a wraith
   304 | D        | Noticed a yak
   304 | D        | Noticed a shadow
   304 | D        | Noticed a vampire
   312 | D        | Killed a shadow
   313 | D        | Reached skill level 1 in Dodging
   313 | D        | Reached XP level 6. HP: 57/63 MP: 5/5
   317 | D        | Killed a vampire
   317 | D        | Reached * piety under Trog
   318 | D        | Reached skill level 10 in Shields
   320 | D        | Killed a yak
   321 | D        | Reached skill level 10 in Fighting
   321 | D        | Reached skill level 10 in Armour
   321 | D        | Reached XP level 7. HP: 31/73 MP: 6/6
   321 | D        | Killed a wraith
   323 | D        | Reached ** piety under Trog
   328 | D        | Killed a yak
   630 | D        | Noticed a troll
   630 | D        | Noticed a boulder beetle
   630 | D        | Noticed a boulder beetle
   630 | D        | Noticed an eight-headed hydra
   630 | D        | Noticed a centaur warrior
   630 | D        | Noticed a two-headed ogre
   634 | D        | Killed a two-headed ogre
   635 | D        | Reached XP level 8. HP: 83/83 MP: 7/7
   638 | D        | Killed a ten-headed hydra
   639 | D        | Reached XP level 9. HP: 86/92 MP: 8/8
   640 | D        | Killed a centaur warrior
   640 | D        | Reached *** piety under Trog
   644 | D        | Banished a boulder beetle
   656 | D        | Slain by a troll

Illustrated notes

Levels and vault maps discovered:
D:        linesprint [early_d, line_temple, items_1, d_10, items_2, lair_1,
          lair_end, items_3, orc_1, orc_end, items_4, d_15, swamp_1, shoals_1,
          snake_1, spider_1, d_20, vaults_1, items_5, swamp_end, shoals_end,
          snake_end, spider_end, vaults_end, d_27, items_6, zot_1, zot_end,
          crypt_end, forest_end, elf_end, slime_end, tomb_end, abyss_end,
          pan_hell_end]

Skill      XL: |  1  2  3  4  5  6  7  8  9 |
---------------+----------------------------+-----
Fighting       | 5 7 9 10 12 13 | 13.7
Armour         | 5 6 7 9 10 12 13 14 | 14.1
Shields        | 5 7 9 10 11 12 13 | 13.0
Axes           | 3 4 6 8 11 12 14 | 14.2
Dodging        | 1 2 |  2.6

Action                     |  1- 3 |  4- 6 |  7- 9 || total
---------------------------+-------+-------+-------++-------
  Melee: War axe           |    20 |    18 |    21 ||    59
         Headbutt          |     6 |     2 |     9 ||    17
 Invoke: Berserk           |       |       |     1 ||     1
         Trog's Hand       |       |       |     1 ||     1
  Evoke: Wand              |       |       |     1 ||     1
    Use: Potion            |     2 |     2 |     5 ||     9
 Armour: Scale mail        |     5 |     6 |     9 ||    20
  Dodge: Dodged            |    10 |     7 |    13 ||    30
  Block: Buckler           |     5 |     3 |     6 ||    14

Table legend: (Time is in decaauts)
 A = Elapsed time spent in this place.
 B = Non-inter-level travel time spent in this place.
 C = Inter-level travel time spent in this place.
 D = Time resting spent in this place.
 E = Time spent auto-exploring this place.
 F = Levels seen in this place.
 G = Mean time per level.
                   A        B        C        D        E       F      G
               +--------+--------+--------+--------+--------+-----+--------+
         Total |    664 |    664 |      0 |    503 |      0 |   1 |  664.0 |
       Dungeon |    664 |    664 |      0 |    503 |      0 |   1 |  664.0 |
               +--------+--------+--------+--------+--------+-----+--------+

Top non-repeatable levels by time:
       D: 664 daAuts
